 Dungeon Crawl Stone Soup version 0.28.0-45-g0d030f2227 (webtiles) character file.

Game seed: 1210383120125936929

64 psko the Conjurer (level 3, 0/16 HPs)
             Began as a Spriggan Conjurer on Apr 10, 2022.
             Was an Initiate of Gozag.
             Slain by an orc
             ... wielding a +0 dagger
              (4 damage)
             ... on level 3 of the Dungeon.
             The game lasted 00:12:53 (2114 turns).

psko the Conjurer (Spriggan Conjurer)               Turns: 2114, Time: 00:12:54

Health: 0/16       AC:  2    Str:  5    XL:     3   Next: 91%
Magic:  9/9        EV: 17    Int: 19    God:    Gozag
Gold:   149        SH:  0    Dex: 13    Spells: 6/9 levels left

rFire   . . .      SeeInvis +   m - staff of conjuration
rCold   . . .      Faith    .   (shield currently unavailable)
rNeg    . . .      Spirit   .   a - +0 robe
rPois   .          Reflect  .   (helmet restricted)
rElec   .          Harm     .   (no cloak)
rCorr   .          Rampage  .   (gloves unavailable)
Will    .....                   (boots unavailable)
Stlth   ++........              (no amulet)
HPRegen 0.05/turn               (no ring)
MPRegen 0.11/turn               (no ring)

@: very quick
A: very small, no large weapons, unfitting armour, see invisible, speed 3
a: Renounce Religion, Potion Petition, Call Merchant, Bribe Branch


You were on level 3 of the Dungeon.
You worshipped Gozag.
Gozag was aware of your devotion.
You visited 1 branch of the dungeon, and saw 3 of its levels.

You collected 149 gold pieces.

Inventory:

Hand Weapons
 b - a +0 short sword
 h - a +1 dagger of electrocution
Armour
 a - a +0 robe (worn)
Magical Staves
 m - a staff of conjuration (weapon)
Wands
 l - a wand of acid (5)
Scrolls
 c - a scroll of holy word
 g - a scroll of teleportation {unknown}
 j - a scroll of torment {unknown}
 n - a scroll of blinking {unknown}
Potions
 d - a potion of lignification {unknown}
 e - a potion of cancellation {unknown}
 f - 2 potions of curing
 i - a potion of brilliance {unknown}
 k - a potion of haste {unknown}


   Skills:
 + Level 1.1 Short Blades
 + Level 2.9 Dodging
 + Level 3.3 Stealth
 + Level 3.5 Spellcasting
 + Level 3.6 Conjurations


You had 6 spell levels left.
You knew the following spells:

 Your Spells              Type           Power      Damage    Failure   Level
a - Magic Dart            Conj           100%       1d8       3%          1
b - Searing Ray           Conj           50%        2d6       4%          2

Your spell library contained the following spells:

 Spells                   Type           Power      Damage    Failure   Level
 Dazzling Flash           Conj/Hex       30%        N/A       21%         3
 Corpse Rot               Necr/Air       6%         N/A       22%         2
 Fulminant Prism          Conj/Hex       7%         3d7       56%         4
 Iskenderun's Mystic Bla  Conj/Tloc      15%        2d5       56%         4
 Dispel Undead            Necr           3%         3d7       82%         4
 Death Channel            Necr           1%         N/A       100%        6


Dungeon Overview and Level Annotations

Branches:
Dungeon (3/15)

Altars:
Gozag
Beogh

Shops:
D:2 *

Annotations:
D:3 diceflayer's ghost, amateur MiFi


Innate Abilities, Weirdness & Mutations

You are very small and have problems with some larger weapons.
You are too small for most types of armour.
You have supernaturally acute eyesight. (SInv)
You cover ground extremely quickly. (Speed+++)


Message History

You feel a surge of power!
The magic dart hits the worm.
The worm is heavily wounded.
Unknown command.
Casting: Magic Dart (safe; 3% risk of failure)
Confirm with . or Enter, or press ? or * to list all spells.
Aiming: Searing Ray (safe; 4% risk of failure)
Press: ? - help, Shift-Dir - straight line, f/p - worm
Aim: a worm (heavily wounded, 93% to hit)
You feel a surge of power!
The searing ray hits the worm!
You kill the worm! (Press . to maintain the ray.) Unknown command.
Found a smoky puce potion.
You now have 138 gold pieces (gained 7).
You now have 144 gold pieces (gained 6).
d - a smoky puce potion
Found 5 gold pieces.
You now have 149 gold pieces (gained 5).
Magic restored.
Found a runed translucent gate.
The orc shouts!
The orc shouts!
You hear a shout!
The orc shouts!
Diceflayer's ghost turns its malevolent gaze towards you.
The orc shouts!
You hear a shout!
Found a dented diamond amulet.
Found a scroll labelled BONOQASKILO.
n - a scroll labelled BONOQASKILO
Found a robe.
Found a roughly hewn altar of Beogh.
You open the gate. You closely miss the orc.
Diceflayer's ghost lets out a mournful wail.
Diceflayer's ghost closely misses you.
You hit the orc but do no damage. The orc closely misses you.
Diceflayer's ghost hits you!
Ouch! That really hurt!
* * * LOW HITPOINT WARNING * * *
The orc barely misses you. The orc hits you with a +0 dagger.
You die...
Your body crumbles into a pile of gold.

######8.####....#.#<.##
.....#..........#.####
.##..#..####.##.#.#
.8#..#..# #.##.#.#
..##o.#..# #.##.#.#
....#.#..# #......#
[...#.'..## ####.###
_.8.#.W...######.#
...#.o@.......#.#
...#o#o..####.#
.##oo#...####.#
.8#.o#.........
..##..#.........
8...".#.........
######8........
#............
#............


You could see an orc priest, diceflayer's ghost and 6 orcs.

Vanquished Creatures
  2 adders (D:2)
  A worm (D:3)
  A dart slug (D:1)
  6 ball pythons
  2 bats (D:2)
  5 endoplasms
  2 giant cockroaches (D:1)
  2 goblins (D:1)
  3 hobgoblins
  2 quokkas (D:1)
  3 frilled lizards
  4 kobolds
  6 rats
39 creatures vanquished.

Vanquished Creatures (others)
  A plant (D:3)
1 creature vanquished.

Grand Total: 40 creatures vanquished

Notes
Turn   | Place    | Note
-------+----------+-------------------------------------------
     0 | D:1      | psko the Spriggan Conjurer began the quest for the Orb.
     0 | D:1      | Reached XP level 1. HP: 9/9 MP: 5/5
   328 | D:1      | Reached XP level 2. HP: 13/13 MP: 4/6
   331 | D:1      | Learned a level 2 spell: Searing Ray
  1111 | D:1      | Found a faded altar of an unknown god.
  1113 | D:1      | Reached XP level 3. HP: 16/16 MP: 6/8
  1114 | D:1      | Prayed at the altar of an unknown god.
  1114 | D:1      | Became a worshipper of Gozag Ym Sagoz the Greedy
  1196 | D:2      | Reached skill level 1 in Short Blades
  1217 | D:2      | Found Cajeskig's Assorted Antiques.
  2084 | D:3      | Identified the +5 short sword "Gamuedd" {elec, Will- Str+9
                  | SInv}
  2084 | D:3      | Identified the +4 scale mail "Suggoil" {rElec rF- Dex-4
                  | SInv}
  2085 | D:3      | Found a runed translucent gate.
  2085 | D:3      | Found a runed translucent gate.
  2085 | D:3      | Found a runed translucent gate.
  2090 | D:3      | Noticed diceflayer's ghost (amateur MiFi)
  2114 | D:3      | Slain by an orc

Illustrated notes

Levels and vault maps discovered:
D:1:      mrwooster_arrival_arrow, layout_loops_ring,
          chequers_ecumenical_altar_twisty, minmay_misc_feat_room
D:2:      layout_loops_cross, serial_shops,
          nicolae_shop_competitors_out_of_business, minivault_5
D:3:      layout_basic, fedhas_altar_1, biasface_ghost_orc_armoury,
          hangedman_decor_clover_reticule, serial_bayou_pond_a, uniq_grinder,
          uniq_sigmund, uniq_robin

Skill      XL: |  1  2  3 |
---------------+----------+-----
Conjurations   | 3 |  3.6
Short Blades   | 1 |  1.1
Spellcasting   | 3 |  3.5
Dodging        | |  2.9
Stealth        | |  3.3

Action                   || total
-------------------------++-------
Melee: Short sword       ||     2
       Dagger            ||     1
       Staff             ||     2
 Cast: Magic Dart        ||    62
       Searing Ray       ||     9
  Use: Scroll            ||     2
Armor: Robe              ||     2
Dodge: Dodged            ||    14
